| TOP OF THE 1ST |
|
Baltimore Orioles batting - Pitching for Texas Rangers : RHP Franz Holzknecht
|
|
Pitching: RHP Franz Holzknecht
|
|
|
Batting: RHB Saimei Kudo
|
0-0: Ball 1-0: SINGLE (Groundball, 6MS, EV 71.2 MPH) (infield hit)
|
|
Batting: LHB Brad Pepin
|
0-0: Called Strike 0-1: Ball Saimei Kudo is caught stealing 2nd base 2-6 1-1: Swinging Strike 1-2: Ball 2-2: Ball 3-2: Base on Balls
|
|
Batting: RHB Rudo Garciaparra
|
0-0: SINGLE (Line Drive, 56D, EV 96.9 MPH) Brad Pepin to second Runner from 2nd tries for 3rd, OUT! 7-5
|
|
Batting: RHB Vince Jackson
|
0-0: Called Strike 0-1: Called Strike 0-2: Fly out, F7 (Line Drive, 7D, EV 98.1 MPH)
|
| Top of the 1st over - 0 runs, 2 hits, 0 errors, 1 left on base; Baltimore 0 - Texas 0 |
| BOTTOM OF THE 1ST |
|
Texas Rangers batting - Pitching for Baltimore Orioles : RHP Ryan Sobocinski
|
|
Pitching: RHP Ryan Sobocinski
|
|
|
Batting: LHB Sean Geisler
|
0-0: Called Strike 0-1: Ground out 4-3 (Groundball, 4S, EV 88.8 MPH)
|
|
Batting: RHB Butch Kaiser
|
0-0: Ball 1-0: Fly out, F3 (Popup, 3F, EV 82.5 MPH)
|
|
Batting: SHB Addick de Vries
|
0-0: Called Strike 0-1: Ball 1-1: Ball 2-1: Foul Ball, location: 2F 2-2: SINGLE (Flyball, 56D, EV 97.5 MPH)
|
|
Batting: RHB Ray Llewellyn
|
0-0: Ball 1-0: Called Strike 1-1: Foul Ball, location: 2F 1-2: Fly out, F7 (Flyball, 7D, EV 90.0 MPH)
|
| Bottom of the 1st over - 0 runs, 1 hit, 0 errors, 1 left on base; Baltimore 0 - Texas 0 |
| TOP OF THE 2ND |
|
Baltimore Orioles batting - Pitching for Texas Rangers : RHP Franz Holzknecht
|
|
Batting: SHB Jason Hayes
|
0-0: Fly out, F7 (Flyball, 7, EV 85.6 MPH)
|
|
Batting: RHB Alex Rodriguez Jr.
|
0-0: Ball 1-0: Called Strike 1-1: Foul Ball, location: 2F 1-2: Ball 2-2: Strikes out looking
|
|
Batting: SHB Robert Handy
|
0-0: Ball 1-0: Foul Ball, location: 2F 1-1: Foul Ball, location: 2F 1-2: Ball 2-2: Ball 3-2: Foul Ball, location: 2F 3-2: Foul Ball, location: 2F 3-2: Foul Ball, location: 2F 3-2: Foul Ball, location: 2F 3-2: Fly out, F5 (Line Drive, 56, EV 63.8 MPH)
|
| Top of the 2nd over - 0 runs, 0 hits, 0 errors, 0 left on base; Baltimore 0 - Texas 0 |
| BOTTOM OF THE 2ND |
|
Texas Rangers batting - Pitching for Baltimore Orioles : RHP Ryan Sobocinski
|
|
Batting: LHB Andy Bowman
|
0-0: Called Strike 0-1: Foul Ball, location: 2F 0-2: Foul Ball, location: 2F 0-2: Ball 1-2: Foul Ball, location: 2F 1-2: Strikes out swinging
|
|
Batting: RHB Zhao-ji Chi
|
0-0: Ball 1-0: SINGLE (Line Drive, 9S, EV 98.1 MPH)
|
|
Batting: RHB Chad Thompson
|
0-0: Called Strike 0-1: Grounds into double play, 4-6-3 (Groundball, 4, EV 108.1 MPH)
|
| Bottom of the 2nd over - 0 runs, 1 hit, 0 errors, 0 left on base; Baltimore 0 - Texas 0 |
| TOP OF THE 3RD |
|
Baltimore Orioles batting - Pitching for Texas Rangers : RHP Franz Holzknecht
|
|
Batting: LHB Brian Feher
|
0-0: Called Strike 0-1: Fly out, F9 (Flyball, 89M, EV 91.2 MPH)
|
|
Batting: RHB Marc Peckermark
|
0-0: Called Strike 0-1: Hit by Pitch
|
|
Batting: RHB Saimei Kudo
|
0-0: Called Strike 0-1: Swinging Strike 0-2: Strikes out swinging
|
|
Batting: LHB Brad Pepin
|
0-0: Called Strike 0-1: Ball 1-1: Ball 2-1: Swinging Strike 2-2: Ball 3-2: 2-RUN HOME RUN (Flyball, 78XD, EV 103.8 MPH), Distance : 416 ft
|
|
Batting: RHB Rudo Garciaparra
|
0-0: Ball 1-0: Ball 2-0: Ground out 5-3 (Groundball, 56, EV 90.0 MPH)
|
| Top of the 3rd over - 2 runs, 1 hit, 0 errors, 0 left on base; Baltimore 2 - Texas 0 |
| BOTTOM OF THE 3RD |
|
Texas Rangers batting - Pitching for Baltimore Orioles : RHP Ryan Sobocinski
|
|
Batting: RHB Chris Torlak
|
0-0: Ground out 6-3 (Groundball, 6, EV 90.0 MPH)
|
|
Batting: RHB Danny Heyer
|
0-0: Foul Ball, location: 2F 0-1: Called Strike 0-2: Ground out 6-3 (Groundball, 6, EV 85.6 MPH)
|
|
Batting: LHB Sean Geisler
|
0-0: Ball 1-0: Ball 2-0: Ground out 3-1 (Groundball, 34, EV 103.1 MPH)
|
| Bottom of the 3rd over - 0 runs, 0 hits, 0 errors, 0 left on base; Baltimore 2 - Texas 0 |
| TOP OF THE 4TH |
|
Baltimore Orioles batting - Pitching for Texas Rangers : RHP Franz Holzknecht
|
|
Batting: RHB Vince Jackson
|
0-0: Foul Ball, location: 2F 0-1: Ball 1-1: Swinging Strike 1-2: Strikes out looking
|
|
Batting: SHB Jason Hayes
|
0-0: Ball 1-0: Ball 2-0: Ground out 4-3 (Groundball, 4, EV 84.4 MPH)
|
|
Batting: RHB Alex Rodriguez Jr.
|
0-0: Fly out, F8 (Flyball, 8RD, EV 80.0 MPH)
|
| Top of the 4th over - 0 runs, 0 hits, 0 errors, 0 left on base; Baltimore 2 - Texas 0 |
| BOTTOM OF THE 4TH |
|
Texas Rangers batting - Pitching for Baltimore Orioles : RHP Ryan Sobocinski
|
|
Batting: RHB Butch Kaiser
|
0-0: Called Strike 0-1: Ball 1-1: Ball 2-1: Ball 3-1: SINGLE (Groundball, 34S, EV 75.6 MPH) (infield hit)
|
|
Batting: SHB Addick de Vries
|
0-0: Ball 1-0: Called Strike 1-1: Ground out 6-3 (Groundball, P, EV 82.5 MPH) Butch Kaiser to second
|
|
Batting: RHB Ray Llewellyn
|
0-0: Ball 1-0: Called Strike 1-1: Foul Ball, location: 2F 1-2: Ball 2-2: Ball 3-2: Ground out 6-3 (Groundball, 6, EV 106.9 MPH)
|
|
Batting: LHB Andy Bowman
|
0-0: Called Strike 0-1: Ball 1-1: Ball 2-1: Ball 3-1: Foul Ball, location: 2F 3-2: Strikes out swinging
|
| Bottom of the 4th over - 0 runs, 1 hit, 0 errors, 1 left on base; Baltimore 2 - Texas 0 |
| TOP OF THE 5TH |
|
Baltimore Orioles batting - Pitching for Texas Rangers : RHP Franz Holzknecht
|
|
Batting: SHB Robert Handy
|
0-0: Swinging Strike 0-1: Ball 1-1: Foul Ball, location: 2F 1-2: Ball 2-2: Ground out 5-3 (Groundball, 56, EV 86.2 MPH)
|
|
Batting: LHB Brian Feher
|
0-0: Ball 1-0: Foul Ball, location: 2F 1-1: Ball 2-1: Fly out, F7 (Flyball, 7LM, EV 86.2 MPH)
|
|
Batting: RHB Marc Peckermark
|
0-0: Fly out, F3 (Popup, 3S, EV 66.2 MPH)
|
| Top of the 5th over - 0 runs, 0 hits, 0 errors, 0 left on base; Baltimore 2 - Texas 0 |
| BOTTOM OF THE 5TH |
|
Texas Rangers batting - Pitching for Baltimore Orioles : RHP Ryan Sobocinski
|
|
Batting: RHB Zhao-ji Chi
|
0-0: Ball 1-0: Ball 2-0: Ground out 3-1 (Groundball, 34, EV 93.1 MPH)
|
|
Batting: RHB Chad Thompson
|
0-0: Ball 1-0: Ball 2-0: Swinging Strike 2-1: Bunt for hit to 5S - play at first, batter OUT! 5-3
|
|
Batting: RHB Chris Torlak
|
0-0: Ball 1-0: SINGLE (Line Drive, 8LS, EV 103.8 MPH)
|
|
Batting: RHB Danny Heyer
|
0-0: Ball 1-0: Called Strike 1-1: Ball 2-1: Swinging Strike 2-2: Foul Ball, location: 2F 2-2: Strikes out swinging
|
| Bottom of the 5th over - 0 runs, 1 hit, 0 errors, 1 left on base; Baltimore 2 - Texas 0 |
| TOP OF THE 6TH |
|
Baltimore Orioles batting - Pitching for Texas Rangers : RHP Franz Holzknecht
|
|
Batting: RHB Saimei Kudo
|
0-0: Foul Ball, location: 2F 0-1: Ball 1-1: Called Strike 1-2: Ball 2-2: Foul Ball, location: 2F 2-2: Foul Ball, location: 2F 2-2: Foul Ball, location: 2F 2-2: Ball 3-2: SINGLE (Line Drive, 7S, EV 94.4 MPH)
|
|
Batting: LHB Brad Pepin
|
0-0: Ball 1-0: Foul Ball, location: 2F 1-1: Ball 2-1: Ball 3-1: Base on Balls Saimei Kudo to second
|
|
Batting: RHB Rudo Garciaparra
|
0-0: Swinging Strike 0-1: Fly out, F7 (Flyball, 78S, EV 71.9 MPH)
|
|
Batting: RHB Vince Jackson
|
0-0: Swinging Strike 0-1: Swinging Strike 0-2: Ball 1-2: Strikes out swinging
|
|
Batting: SHB Jason Hayes
|
0-0: Fly out, F3 (Line Drive, 3L, EV 69.4 MPH)
|
| Top of the 6th over - 0 runs, 1 hit, 0 errors, 2 left on base; Baltimore 2 - Texas 0 |
| BOTTOM OF THE 6TH |
|
Texas Rangers batting - Pitching for Baltimore Orioles : RHP Ryan Sobocinski
|
|
Batting: LHB Sean Geisler
|
0-0: Ball 1-0: Ground out 4-3 (Groundball, 4, EV 100.6 MPH)
|
|
Batting: RHB Butch Kaiser
|
0-0: Ball 1-0: Ball 2-0: Ball 3-0: Called Strike 3-1: Ground out 5-3 (Groundball, 56, EV 99.4 MPH)
|
|
Batting: SHB Addick de Vries
|
0-0: Called Strike 0-1: Called Strike 0-2: Ball 1-2: Foul Ball, location: 2F 1-2: Ground out U3 (Groundball, 3S, EV 86.9 MPH)
|
| Bottom of the 6th over - 0 runs, 0 hits, 0 errors, 0 left on base; Baltimore 2 - Texas 0 |
| TOP OF THE 7TH |
|
Baltimore Orioles batting - Pitching for Texas Rangers : RHP Franz Holzknecht
|
|
Batting: RHB Alex Rodriguez Jr.
|
0-0: Ball 1-0: Ball 2-0: Foul Ball, location: 2F 2-1: SINGLE (Line Drive, 3D, EV 97.5 MPH)
|
|
Pitching: RHP Kyle Curve
|
|
|
Batting: SHB Robert Handy
|
0-0: Ball 1-0: Ball 2-0: Called Strike Alex Rodriguez Jr. is caught stealing 2nd base 2-6 2-1: Swinging Strike 2-2: Ball 3-2: Foul Ball, location: 2F 3-2: Base on Balls
|
|
Batting: LHB Brian Feher
|
0-0: Foul Ball, location: 2F 0-1: Swinging Strike 0-2: Ball 1-2: Ball 2-2: 2-RUN HOME RUN (Flyball, 7D, EV 95.6 MPH), Distance : 377 ft
|
|
Batting: RHB Marc Peckermark
|
0-0: Called Strike 0-1: Called Strike 0-2: Strikes out swinging
|
|
Batting: RHB Saimei Kudo
|
0-0: Ball 1-0: Ball 2-0: Fly out, F7 (Flyball, 78S, EV 90.0 MPH)
|
| Top of the 7th over - 2 runs, 2 hits, 0 errors, 0 left on base; Baltimore 4 - Texas 0 |
| BOTTOM OF THE 7TH |
|
Texas Rangers batting - Pitching for Baltimore Orioles : RHP Ryan Sobocinski
|
|
Batting: RHB Ray Llewellyn
|
0-0: Ball 1-0: Ball 2-0: Foul Ball, location: 2F 2-1: Called Strike 2-2: Ball 3-2: Foul Ball, location: 2F 3-2: Base on Balls
|
|
Batting: LHB Andy Bowman
|
0-0: Called Strike 0-1: Ball 1-1: Ball 2-1: Fly out, F6 (Popup, 6MS, EV 75.0 MPH)
|
|
Batting: RHB Zhao-ji Chi
|
0-0: Called Strike 0-1: Foul Ball, location: 2F 0-2: Ball 1-2: Ball 2-2: Grounds into double play, 4-6-3 (Groundball, 34S, EV 83.8 MPH)
|
| Bottom of the 7th over - 0 runs, 0 hits, 0 errors, 0 left on base; Baltimore 4 - Texas 0 |
| TOP OF THE 8TH |
|
Baltimore Orioles batting - Pitching for Texas Rangers : RHP Kyle Curve
|
|
Pitching: RHP Gabe Baxter
|
|
|
Batting: LHB Brad Pepin
|
0-0: Ball 1-0: Called Strike 1-1: Swinging Strike 1-2: Strikes out looking
|
|
Batting: RHB Rudo Garciaparra
|
0-0: Called Strike 0-1: Ball 1-1: Foul Ball, location: 2F 1-2: Ball 2-2: Ball 3-2: Foul Ball, location: 2F 3-2: Foul Ball, location: 2F 3-2: Foul Ball, location: 2F 3-2: Ground out 5-3 (Groundball, 15, EV 86.2 MPH)
|
|
Batting: RHB Vince Jackson
|
0-0: Ball 1-0: Called Strike 1-1: Ball 2-1: Ground out 5-3 (Groundball, 56, EV 90.6 MPH)
|
| Top of the 8th over - 0 runs, 0 hits, 0 errors, 0 left on base; Baltimore 4 - Texas 0 |
| BOTTOM OF THE 8TH |
|
Texas Rangers batting - Pitching for Baltimore Orioles : RHP Ryan Sobocinski
|
|
Batting: RHB Chad Thompson
|
0-0: Ball 1-0: SINGLE (Groundball, 34D, EV 100.0 MPH) (infield hit)
|
|
Batting: RHB Chris Torlak
|
0-0: DOUBLE (Line Drive, 89M, EV 100.6 MPH) Chad Thompson to third Runner from 3rd tries for Home, SAFE, throw by RF to home
|
|
Batting: RHB Danny Heyer
|
0-0: Called Strike 0-1: Foul Ball, location: 2F 0-2: SINGLE (Line Drive, 4MD, EV 105.0 MPH) Chris Torlak to third Runner from 3rd tries for Home, SAFE, throw by CF to home
|
|
Batting: LHB Sean Geisler
|
0-0: Ball 1-0: Ball 2-0: Ball 3-0: Called Strike 3-1: Foul Ball, location: 2F 3-2: Fielders Choice at 2nd, 3-6 (Groundball, 3, EV 103.1 MPH)
|
|
Pitching: RHP Jay Rapini
|
|
|
Batting: RHB Butch Kaiser
|
0-0: Foul Ball, location: 2F 0-1: Fly out, F9 (Flyball, 9D, EV 93.8 MPH)
|
|
Batting: SHB Addick de Vries
|
0-0: Called Strike 0-1: Called Strike 0-2: Ball 1-2: Strikes out swinging
|
| Bottom of the 8th over - 2 runs, 3 hits, 0 errors, 1 left on base; Baltimore 4 - Texas 2 |
| TOP OF THE 9TH |
|
Baltimore Orioles batting - Pitching for Texas Rangers : RHP Gabe Baxter
|
|
Batting: SHB Jason Hayes
|
0-0: Foul Ball, location: 2F 0-1: Ground out 4-3 (Groundball, 4D, EV 83.8 MPH)
|
|
Batting: RHB Alex Rodriguez Jr.
|
0-0: Ball 1-0: Ground out 4-3 (Groundball, 4, EV 81.2 MPH)
|
|
Batting: SHB Robert Handy
|
0-0: Ball 1-0: Ball 2-0: Called Strike 2-1: SINGLE (Groundball, 34D, EV 106.2 MPH)
|
|
Batting: LHB Brian Feher
|
0-0: Called Strike 0-1: Ball 1-1: Ground out 6-3 (Groundball, 6M, EV 111.2 MPH)
|
| Top of the 9th over - 0 runs, 1 hit, 0 errors, 1 left on base; Baltimore 4 - Texas 2 |
| BOTTOM OF THE 9TH |
|
Texas Rangers batting - Pitching for Baltimore Orioles : RHP Jay Rapini
|
|
Pitching: RHP Chris Dauphin
|
|
|
Now at 1B: Tenshou Takita
|
|
|
Batting: RHB Ray Llewellyn
|
0-0: Swinging Strike 0-1: Ball 1-1: Swinging Strike 1-2: Strikes out swinging
|
|
Batting: LHB Andy Bowman
|
0-0: Ball 1-0: Called Strike 1-1: Called Strike 1-2: Strikes out looking
|
|
Batting: RHB Zhao-ji Chi
|
0-0: Swinging Strike 0-1: Ball 1-1: Ball 2-1: Ball 3-1: Base on Balls
|
|
Batting: RHB Chad Thompson
|
0-0: Ball 1-0: Ball 2-0: Called Strike 2-1: SINGLE (Groundball, P, EV 85.6 MPH) (infield hit) Zhao-ji Chi to second
|
|
Pinch Hitting: SHB Alvare Bairro
|
0-0: Called Strike 0-1: Ball 1-1: Fielders Choice at 2nd, 6-4 (Groundball, 6, EV 86.9 MPH)
|
| Bottom of the 9th over - 0 runs, 1 hit, 0 errors, 2 left on base; Baltimore 4 - Texas 2 |
|